 Dungeon Crawl Stone Soup version 0.21.1-1-g345015f (webtiles) character file.

1619 Melicamp the Ducker (level 8, 0/45 HPs)
             Began as a Spriggan Berserker on May 24, 2018.
             Was an Elder of Trog.
             Slain by an orc warrior
             ... wielding a +0 scimitar
              (16 damage)
             ... on level 6 of the Dungeon.
             The game lasted 00:52:44 (8990 turns).

Melicamp the Ducker (Spriggan Berserker)            Turns: 8990, Time: 00:52:44

Health: 0/45       AC:  4    Str: 13    XL:     8   Next: 64%
Magic:  9/9        EV: 22    Int:  8    God:    Trog [****..]
Gold:   92         SH:  0    Dex: 18    Spells: 7/7 levels left

rFire    . . .     SeeInvis +     - Unarmed
rCold    . . .     Gourm    .   (shield restricted)
rNeg     . . .     Faith    .   A - +0 troll leather armour {Purgy}
rPois    .         Spirit   .   (helmet restricted)
rElec    .         Reflect  .   y - scarf {cloud immunity}
rCorr    .         Harm     .   (gloves unavailable)
MR       +....                  (boots unavailable)
Stlth    +++.......             (no amulet)
HPRegen  0.55/turn              (no ring)
MPRegen  0.11/turn              (no ring)

@: very quick
A: very small, unfitting armour, see invisible, herbivore, speed 3, slow
metabolism 2
a: Berserk, Trog's Hand, Brothers in Arms, Burn Spellbooks, Renounce Religion


You were on level 6 of the Dungeon.
You worshipped Trog.
Trog was greatly pleased with you.
You were near starving.

You visited 1 branch of the dungeon, and saw 6 of its levels.
You also visited: Sewer.

You collected 284 gold pieces.
You spent 192 gold pieces at shops.

Inventory:

Hand Weapons
 s - a +0 hand crossbow
   (You found it on level 2 of the Dungeon)
Missiles
 e - 115 stones (quivered)
 n - 9 sling bullets
 E - 25 bolts
Armour
 a - a +0 animal skin
 l - a +2 robe of fire resistance
   (You found it on level 4 of the Dungeon)
 y - a scarf of cloud immunity (worn)
   (You acquired it on level 5 of the Dungeon)
 A - a +0 troll leather armour (worn) {Purgy}
   (You found it in a sewer)
Jewellery
 b - a cursed amulet of inaccuracy {unknown}
   (You found it on level 4 of the Dungeon)
 c - an uncursed ring of resist corrosion {unknown}
   (You found it on level 1 of the Dungeon)
 g - an uncursed ring of protection from magic {unknown}
   (You found it on level 1 of the Dungeon)
 j - a cursed ring of loudness {unknown}
   (You found it on level 1 of the Dungeon)
 r - a +5 ring of strength {unknown}
   (You took it off an orc on level 4 of the Dungeon)
 D - an uncursed ring of see invisible {unknown}
   (You found it on level 6 of the Dungeon)
Wands
 q - a wand of disintegration (9)
   (You bought it in a shop on level 4 of the Dungeon)
Scrolls
 k - 2 scrolls of immolation
 u - 3 scrolls of fog
 x - a scroll of teleportation
 B - a scroll of blinking
Potions
 d - 2 potions of cancellation
 f - a potion of brilliance
 h - 2 potions of heal wounds
 i - a potion of mutation {unknown}
 p - a potion of curing {unknown}
 t - a potion of lignification {unknown}
 v - 2 potions of magic
 z - 2 potions of flight
Books
 C - a book of Minor Magic
   (You found it on level 5 of the Dungeon)
Comestibles
 o - 2 rations


   Skills:
 * Level 6.6 Fighting
   Level 1.6(1.9) Slings
 - Level 0.8(1.2) Throwing
 + Level 6.9 Dodging
 + Level 5.7 Stealth
 + Level 5.3 Unarmed Combat


You had 7 spell levels left.
You didn't know any spells.

Dungeon Overview and Level Annotations

Branches:
Dungeon (6/15)
 Temple: D:4-7

Altars:
Ashenzari
Makhleb
Qazlal
Trog
Uskayaw
Vehumet

Shops:
D:4 }   D:6 }

Annotations:
D:5 exclusion: ice beast


Innate Abilities, Weirdness & Mutations

You are very small and have problems with some larger weapons.
You are too small for most types of armour.
You have supernaturally acute eyesight. (SInv)
You are a herbivore.
You cover ground extremely quickly.
You need consume almost no food.


Message History

You throw a stone.
The stone closely misses the orc wizard.
Throwing (i - inventory):
e - 111 stones (quivered)
Press: ? - help, Shift-Dir - straight line, f/p - orc wizard
Aim: an orc wizard, wielding a dagger of flaming and wearing a robe You throw a stone.
The stone hits the orc wizard.
The orc wizard is lightly wounded.
The orc wizard gestures at you while chanting.
The magic dart hits you!
There is an open door here.
You barely miss the orc wizard.
The orc wizard is lightly wounded.
You hit the orc wizard.
The orc wizard is heavily wounded.
The orc wizard barely misses you.
You barely miss the orc wizard.
The orc wizard is heavily wounded.
The orc wizard hits you with a dagger of flaming.
The orc wizard burns you.
You closely miss the orc wizard.
The orc wizard is heavily wounded.
The orc wizard hits you but does no damage.
You hit the orc wizard.
You kill the orc wizard!
Trog accepts your kill.
Trog appreciates your killing of a magic user.
Things that are here:
a dagger of flaming; a robe; an orc corpse
There is an open door here.
Throwing (i - inventory):
e - 110 stones (quivered)
Press: ? - help, Shift-Dir - straight line, f - orc
Aim: an orc, wielding a mace You throw a stone.
The stone hits the orc.
The orc is heavily wounded.
You punch the orc!
You kill the orc!
Trog accepts your kill.
Items here: )) [ † a mace; a dagger of flaming; a robe; an orc corpse
e - 111 stones (gained 2)
e - 112 stones (gained 1)
e - 115 stones (gained 3)
The orc warrior shouts!
The orc warrior throws a tomahawk.
The tomahawk misses you.
The orc warrior throws a tomahawk.
The tomahawk misses you.
You barely miss the orc warrior. The orc warrior completely misses you.
You barely miss the orc warrior. The orc warrior barely misses you.
You hit the orc warrior.
The orc warrior is lightly wounded.
The orc warrior hits you with a scimitar.
You closely miss the orc warrior.
The orc warrior is lightly wounded.
You hit the orc warrior. You punch the orc warrior.
The orc warrior is moderately wounded.
The orc warrior misses you.
You closely miss the orc warrior.
The orc warrior is moderately wounded.
The orc warrior closely misses you.
You closely miss the orc warrior.
The orc warrior is moderately wounded.
The orc warrior closely misses you.
You hit the orc warrior but do no damage.
The orc warrior is moderately wounded.
You hit the orc warrior but do no damage.
The orc warrior is moderately wounded.
The orc warrior misses you. The orc hits you but does no damage.
You hit the orc warrior.
The orc warrior is heavily wounded.
The orc warrior misses you. The orc hits you with a dagger.
Okay, then.
You hit the orc warrior.
The orc warrior is heavily wounded.
The orc warrior misses you. The orc hits you but does no damage.
You hit the orc warrior.
The orc warrior is severely wounded.
You hit the orc warrior.
The orc warrior is almost dead.
The orc hits you with a dagger. The orc warrior completely misses you.
You hit the orc warrior.
The orc warrior is almost dead.
The orc completely misses you.
The orc warrior hits you with a scimitar!
You hit the orc warrior.
The orc warrior is almost dead.
The orc hits you with a dagger. The orc warrior misses you.
You barely miss the orc warrior.
The orc warrior is almost dead.
The orc completely misses you.
You closely miss the orc warrior.
The orc warrior is almost dead.
The orc warrior hits you with a scimitar!
The orc closely misses you.
You hit the orc warrior.
The orc warrior is almost dead.
The orc warrior barely misses you. The orc misses you.
You hit the orc warrior but do no damage.
The orc warrior is almost dead.
The orc hits you with a dagger.
The orc warrior hits you with a scimitar!
You die...

......#######..#...##.#.........#
..#.#.### #..##.....#.........#
......##.####..##........#.......
.........................#..#....
.#.......###..##..(.....#..#....
.######## ####.................
#.# #.#.##'###...#####. ##.##
##o.(.....#....# ## #.o.#
#.o@......+.#..#####
#.#.###.###.....##........
#oo#..#..#...#...)'........
o..###...##...######........ #..o
#...##..... #....#### ##.#
##.###....... #....#### ## ###
#.......##....'...
##+#######....#### ######


You could see an orc warrior and an orc.

Vanquished Creatures
  Edmund (D:4)
  Purgy (Sewer)
  An orc warrior (D:6)
  A sky beast (D:6)
  2 ogres
  A phantom (D:5)
  A scorpion (D:5)
  2 howler monkeys (D:4)
  A crimson imp (D:6)
  3 hounds
  2 orc priests
  9 orc wizards
  A bullfrog skeleton (D:6)
  An iguana (D:6)
  Jessica (D:2)
  2 worker ants
  8 adders
  2 oozes
  2 adder skeletons
  4 worms
  4 dart slugs (D:1)
  5 leopard geckos
  23 orcs
  9 giant cockroaches
  8 goblins
  11 hobgoblins
  7 jackals
  6 quokkas
  3 ball pythons
  A ball python skeleton (D:4)
  9 bats
  12 frilled lizards
  A jackal skeleton (D:6)
  12 kobolds
  A leopard gecko skeleton (D:5)
  2 quokka skeletons
  9 rats
169 creatures vanquished.

Notes
Turn   | Place    | Note
-------+----------+-------------------------------------------
     0 | D:1      | Melicamp the Spriggan Berserker began the quest for the Orb.
     0 | D:1      | Reached XP level 1. HP: 11/11 MP: 2/2
   161 | D:1      | Reached XP level 2. HP: 16/16 MP: 3/3
   488 | D:1      | Reached skill level 3 in Fighting
   788 | D:1      | Reached XP level 3. HP: 14/20 MP: 4/4
   942 | D:1      | Reached skill level 3 in Unarmed Combat
  1142 | D:1      | Reached ** piety under Trog
  1698 | D:2      | Found a shattered altar of Ashenzari.
  1864 | D:2      | Noticed Jessica
  1869 | D:2      | Killed Jessica
  1869 | D:2      | Reached skill level 1 in Slings
  1869 | D:2      | Reached XP level 4. HP: 13/24 MP: 5/5
  2050 | D:2      | Found a bloodstained altar of Trog.
  2051 | D:2      | Found a hide-covered altar of Uskayaw.
  2479 | D:2      | Found a radiant altar of Vehumet.
  2536 | D:2      | Found a stormy altar of Qazlal.
  3272 | D:3      | Reached XP level 5. HP: 19/28 MP: 6/6
  3508 | D:3      | Found a faded altar of an unknown god.
  3744 | D:3      | Reached skill level 4 in Fighting
  3775 | D:3      | HP: 7/29 [poisoned by an adder]
  4234 | D:3      | Reached *** piety under Trog
  4411 | D:3      | Reached XP level 6. HP: 33/33 MP: 7/7
  4444 | D:3      | Found a burning altar of Makhleb.
  4664 | D:3      | Reached skill level 4 in Unarmed Combat
  4945 | D:4      | Noticed Edmund
  5000 | D:4      | HP: 10/51 [quokka (4)]
  5356 | D:4      | Noticed an orc warrior
  5384 | D:4      | HP: 8/35 [orc warrior/flail (5)]
  5395 | D:4      | HP: 6/35 [howler monkey (2)]
  5728 | D:4      | Found Saapu Ciso's Gadget Emporium.
  5733 | D:4      | Bought a wand of disintegration (12) for 192 gold pieces
  5792 | D:4      | Reached skill level 1 in Stealth
  6017 | D:4      | Reached skill level 5 in Fighting
  6028 | D:4      | Killed Edmund
  6028 | D:4      | Reached skill level 5 in Dodging
  6028 | D:4      | Reached skill level 2 in Stealth
  6028 | D:4      | Reached XP level 7. HP: 23/39 MP: 8/8
  6462 | D:5      | Entered Level 5 of the Dungeon
  6465 | D:5      | Found a glowing drain.
  6504 | Sewer    | Entered a sewer
  6593 | Sewer    | Noticed Purgy
  6603 | Sewer    | Killed Purgy
  6603 | Sewer    | Reached skill level 3 in Stealth
  6757 | D:5      | Reached **** piety under Trog
  6783 | D:5      | Identified a scroll of acquirement
  7125 | D:5      | Reached skill level 4 in Stealth
  7125 | D:5      | Reached XP level 8. HP: 44/44 MP: 9/9
  7279 | D:5      | Reached skill level 6 in Dodging
  7421 | D:5      | Reached skill level 6 in Fighting
  7421 | D:5      | Reached skill level 5 in Unarmed Combat
  8351 | D:6      | Reached skill level 5 in Stealth
  8501 | D:6      | Found Zudaalos's Gadget Shoppe.
  8990 | D:6      | Slain by an orc warrior

Skill      XL: |  1  2  3  4  5  6  7  8 |
---------------+-------------------------+-----
Fighting       | 3 4 5 6 |  6.6
Unarmed Combat | 3 4 5 |  5.3
Slings         | 1 |  1.6
Stealth        | 2 4 5 |  5.7
Dodging        | 5 6 |  6.9
Throwing       | |  0.8

Action                   |  1- 3 |  4- 6 |  7- 9 || total
-------------------------+-------+-------+-------++-------
Melee: Unarmed           |    95 |   272 |   311 ||   678
       Punch             |     2 |     6 |    13 ||    21
 Fire: Hunting sling     |    19 |    37 |    29 ||    85
       Hand crossbow     |       |       |     9 ||     9
Throw: Stone             |    48 |    74 |    90 ||   212
Invok: Berserk           |     5 |     6 |     3 ||    14
       Trog's Hand       |       |     1 |       ||     1
       Burn Spellbooks   |       |       |     1 ||     1
Evoke: Wand              |       |       |     3 ||     3
  Use: Scroll            |       |    10 |     6 ||    16
       Potion            |       |     1 |       ||     1
 Stab: Sleeping          |     1 |     1 |     2 ||     4
       Invisible         |       |     1 |       ||     1
  Eat: Ration            |     1 |     5 |     3 ||     9
Armor: Animal skin       |     8 |    20 |     2 ||    30
       Troll leather arm |       |       |    18 ||    18
Dodge: Dodged            |    66 |   209 |   221 ||   496

Vault maps used:
D:1:      grunt_arrival_lava_bath
D:2:      evilmike_ruin_ashenzari, chequers_temple_overflow_statue_of_worship,
          amethyst_overflow_temple_binary, first_ration, uniq_jessica
D:3:      chequers_ecumenical_altar_simple, makhleb_blood_cavern_becter
D:4:      serial_shops, shop, minmay_bent, uniq_edmund
D:5:      gup_sewer_entry_glass, minmay_crystal_room,
          minmay_a_box_with_orc_wizards_in_it
D:6:      kb_forest_paths, serial_shops, shop, eino_curves_03, uniq_duvessa
Sewer:    sewer_co_purgy_island

Table legend:
 A = Turns spent in this place as a percentage of turns spent in the entire game.
 B = Non-inter-level travel turns spent in this place as a percentage of non-inter-level travel turns spent in the entire game.
 C = Inter-level travel turns spent in this place as a percentage of turns spent in this place.
 D = Turns resting spent in this place as a percentage of non-inter-level travel turns spent in this place.
 E = Turns spent auto-exploring this place as a percentage of non-inter-level travel turns spent in this place.
 F = Non-inter-level travel turns spent in this place divided by the number of levels of this place that you've seen.
                   A       B       C       D       E      F
               +-------+-------+-------+-------+-------+----------------------
         Total | 100.0 | 100.0 |   2.6 |  24.3 |  23.8 | 1250.7
       Dungeon |  98.2 |  98.1 |   2.7 |  24.8 |  24.3 | 1431.7
         Sewer |   1.8 |   1.9 |   0.0 |   0.0 |   0.0 | 165.0
               +-------+-------+-------+-------+-------+----------------------

Table legend:
 A = Kills in this place as a percentage of kills in entire the game.
 B = Kills by you in this place as a percentage of kills by you in the entire game.
 C = Kills by friends in this place as a percentage of kills by friends in the entire game.
 D = Other kills in this place as a percentage of other kills in the entire game.
 E = Experience gained in this place as a percentage of experience gained in the entire game.
 F = Experience gained in this place divided by the number of levels of this place that you have seen.
                   A       B       C       D       E      F
               +-------+-------+-------+-------+-------+----------------------
         Total | 100.0 | 100.0 |   N/A |   N/A | 100.0 | 330.6
       Dungeon |  95.3 |  95.3 |   N/A |   N/A |  93.5 | 360.7
         Sewer |   4.7 |   4.7 |   N/A |   N/A |   6.5 | 150.0
               +-------+-------+-------+-------+-------+----------------------
